Map: Moondance

Players

Nice - Winner!

  • Race: Protoss Protoss
  • Spawn Location: 6:00

HonMonO

  • Race: Terran Terran
  • Spawn Location: 12:00

Event: DreamHack SC2 Masters 2022 Atlanta (Online)

VOD

Have the link to the VOD?

Description

Time

  • Played on: Sept. 28, 2022, 7:18 a.m.
  • Length: 8:23

All games in this series

Show
View Real Time Build Order
Export as new Build Order

Nice Protoss - Winner!

Build Orders: 1 Gate Expand, Chargelot Immortal 

Get SALT Encoding   

  12  0:00  Probe  
  13  0:12  Probe  
  14  0:19  Pylon  
  14  0:24  Probe (Chrono Boost)  
  15  0:38  Probe (Chrono Boost), Gateway  
  16  0:45  Probe (Chrono Boost)  
  16  0:48  Assimilator  
  17  0:54  Assimilator  
  17  0:57  Probe  
  18  1:09  Probe  
  19  1:21  Probe  
  20  1:26  Cybernetics Core  
  20  1:42  Nexus  
  20  1:50  Pylon  
  20  1:51  Probe  
  20  1:58  Assimilator  
  20  2:00  Adept (Chrono Boost)  
  20  2:05  Probe  
  23  2:12  Warp Gate  
  23  2:17  Probe  
  23  2:20  Stalker (Chrono Boost)  
  27  2:30  Probe  
  27  2:38  Robotics Facility  
  27  2:42  Probe  
  28  2:49  Stalker  
  30  2:55  Probe (Chrono Boost)  
  32  3:01  Probe (Chrono Boost)  
  32  3:05  Probe (Chrono Boost)  
  33  3:09  Probe (Chrono Boost)  
  33  3:10  Probe (Chrono Boost)  
  35  3:19  Probe  
  36  3:22  Probe  
  36  3:26  Warp Prism (Chrono Boost)  
  37  3:29  Gateway  
  39  3:39  Probe x2  
  39  3:49  Gateway  
  39  3:51  Gateway  
  39  3:59  Immortal (Chrono Boost)  
  43  4:04  Pylon  
  43  4:05  Stalker  
  45  4:11  Probe  
  45  4:15  Pylon  
  46  4:22  Probe  
  47  4:24  Stalker  
  47  4:26  Observer (Chrono Boost)  
  50  4:41  Probe  
  51  4:53  Probe  
  51  4:54  Probe  
  51  4:56  Shield Battery, Pylon  
  51  4:57  Adept x3  
  59  5:04  Twilight Council  
  59  5:10  Immortal (Chrono Boost)  
  55  5:24  Probe x2  
  51  5:40  Charge (Chrono Boost)  
  51  5:41  Immortal (Chrono Boost)  
  57  5:43  Assimilator  
  57  5:44  Assimilator  
  57  5:45  Gateway  
  57  5:46  Adept  
  57  5:47  Adept  
  57  5:48  Pylon  
  57  5:49  Adept  
  61  5:50  Gateway  
  61  5:51  Gateway  
  61  6:11  Immortal (Chrono Boost)  
  61  6:14  Adept x3  
  71  6:25  Gateway  
  71  6:26  Gateway  
  71  6:28  Pylon  
  71  6:43  Immortal  
  73  6:48  Zealot x3  
  79  6:54  Zealot x3  
  79  6:58  Dark Shrine, Probe  
  86  7:22  Pylon  
  86  7:23  Pylon  
  86  7:31  Pylon  
  86  7:40  Probe x2  
  86  7:51  Zealot x8  
  80  8:13  Zealot x7  
  80  8:15  Zealot  
Show
View Real Time Build Order
Export as new Build Order

HonMonO Terran 

Build Orders:  

Get SALT Encoding   

  12  0:00  SCV  
  13  0:12  SCV  
  14  0:17  Supply Depot  
  14  0:24  SCV  
  15  0:38  SCV  
  15  0:39  Barracks  
  16  0:45  Refinery  
  16  0:50  SCV  
  17  1:02  SCV  
  18  1:14  SCV  
  19  1:27  Orbital Command  
  19  1:28  Marine  
  20  1:43  Command Center  
  20  1:46  Barracks Reactor  
  20  1:54  Supply Depot  
  20  1:57  SCV  
  21  2:09  SCV  
  22  2:19  Factory  
  22  2:22  SCV, Marine x2  
  24  2:29  Barracks  
  25  2:34  SCV  
  26  2:37  Barracks  
  26  2:41  Marine  
  26  2:42  Marine  
  28  2:46  SCV  
  28  2:59  SCV  
  29  3:11  Hellion x2  
  32  3:13  Orbital Command  
  32  3:18  Barracks Tech Lab  
  32  3:19  SCV  
  31  3:21  Orbital Command  
  31  3:26  Barracks Tech Lab  
  30  3:27  Barracks Reactor  
  30  3:32  Refinery  
  28  3:37  Hellion x2  
  28  3:38  SCV  
  33  3:47  SCV  
  32  3:50  Stimpack  
  32  3:52  Marine  
  32  4:04  Marine x2  
  32  4:06  Siege Tank  
  32  4:07  Marine x2  
  32  4:09  SCV x2  
  41  4:12  Marine  
  42  4:17  Supply Depot  
  42  4:21  SCV  
  42  4:22  Marine x2  
  45  4:25  Orbital Command  
  45  4:27  Marine  
  45  4:31  Marine  
  45  4:40  Siege Tank  
  45  4:41  Marine  
  45  4:46  Marine  
  45  4:47  SCV  
  45  4:50  Marine  
  47  4:54  SCV, Marine x2  
  50  5:02  Marine  
  50  5:03  SCV  
  50  5:07  Supply Depot  
  52  5:10  Marine  
  46  5:16  Siege Tank  
  46  5:17  Marine x2  
  46  5:18  SCV  
  46  5:19  Marine  
  48  5:22  Marine  
  48  5:24  SCV  
  47  5:30  SCV  
  47  5:34  Combat Shield  
  48  5:39  Marine  
  48  5:40  SCV  
  47  5:48  Engineering Bay, Marine  
  47  5:49  Marine  
  49  5:52  SCV  
  49  5:55  Marine x2  
  52  5:57  SCV  
  52  6:01  Marine  
  54  6:06  Marine  
  54  6:07  Marine  
  54  6:09  SCV  
  52  6:12  Siege Tank  
  52  6:13  SCV, Marine  
  52  6:15  Terran Infantry Weapons Level 1  
  52  6:17  Supply Depot  
  57  6:21  Marine  
  57  6:23  Marine  
  57  6:24  SCV  
  60  6:26  SCV  
  60  6:27  Marine  
  62  6:36  Marine  
  62  6:37  SCV  
  62  6:39  SCV  
  61  6:40  Marine  
  61  6:41  Marine  
  61  6:43  Marine  
  61  6:45  Marine  
  60  6:47  Siege Tank  
  60  6:49  SCV  
  60  6:51  SCV  
  60  6:52  Supply Depot  
  65  6:54  Marine  
  65  6:58  Marine  
  65  6:59  Marine  
  65  7:01  SCV, Marine  
  69  7:03  Marine  
  69  7:05  SCV  
  68  7:12  Marine  
  68  7:13  SCV  
  68  7:14  Command Center  
  69  7:19  Siege Tank  
  72  7:22  Refinery  
  72  7:24  Marine  
  72  7:25  Marine x2  
  72  7:26  SCV  
  72  7:27  SCV  
  77  7:33  Starport  
  77  7:42  SCV  
  78  7:48  Marine  
  78  7:49  SCV  
  78  7:50  Marine  
  78  7:51  Marine x3  
  68  8:01  SCV  
Tags
 
Add a new tag
Caveats
  • Supply blocks, unpowered buildings, or Contaminate may cause inaccurate times.
  • Supply counts are checked every 10 seconds.